 Zot Defence DCSS version 0.15.2 (webtiles) character file.

8908 Enroth the Basher (level 11, -13/123 (124) HPs)
             Began as an Ogre Berserker on Jan 10, 2016.
             Was a Priest of Trog.
             Killed from afar by a golden dragon (40 damage)
             ... with a bolt of fire
             ... summoned by a boggart
             ... in the Realm of Zot (Scenario II: Battle Heart).
             The game lasted 00:37:30 (1861 turns).

Enroth the Basher (Ogre Berserker)                  Turns: 1861, Time: 00:37:30

HP -13/123 (124) AC  3     Str 27      XL: 11   Next: 38%
MP   5/11        EV 13     Int  6      God: Trog [***...]
Gold 0           SH  0     Dex  9      Spells:  0 memorised, 10 levels left

rFire  . . .     SeeInvis .     e - +0 giant spiked club
rCold  . . .     Clarity  .     k - troll hide
rNeg   . . .     rCorr    .     (shield restricted)
rPois  .         rRot     .     (helmet restricted)
rElec  .         Spirit   .     (no cloak)
SustAb .         Warding  .     (gloves unavailable)
rMut   .         Stasis   .     (boots unavailable)
Gourm  .                        (no amulet)
MR     +++..                    (no ring)
                                (no ring)

@: exhausted, regenerating, slowed, very slow, extremely resistant to hostile
enchantments, very unstealthy
A: unfitting armour, tough skin 1
a: Make oklob sapling, Make arrow trap, Make plant, Remove Curse, Make burning
bush, Make altar, Make grenades, Make oklob plant, Make net trap, Make ice
statue, Make spear trap, Make alarm trap, Burn Spellbooks, Berserk, Trog's Hand,
Renounce Religion


You were in the Realm of Zot.
You worshipped Trog.
Trog was most pleased with you.
You were not hungry.

You visited 1 branch

Inventory:

Hand weapons
 a - a +0 mace
 e - a +0 giant spiked club (weapon)
Missiles
 c - 5 throwing nets (quivered)
Armour
 k - a troll hide (worn)
Comestibles
 d - a meat ration
 j - 5 chunks of troll flesh
Scrolls
 i - a scroll of blinking
Potions
 f - a potion of haste
 g - 2 potions of magic
 h - a potion of berserk rage


   Skills:
 + Level 12.5 Fighting
 + Level 13.1 Maces & Flails
 + Level 0.4 Throwing
 + Level 0.2 Armour
 + Level 10.4 Dodging


You had 10 spell levels left.
You didn't know any spells.

Dungeon Overview and Level Annotations

Branches:
    Zot (1/1)

Altars:


Innate Abilities, Weirdness & Mutations

You are too large for most types of armour.
You have tough skin (AC +1).


Message History

Press: ? - help, Dir - move target cursor You can't create it there!
Unknown command.
Use which ability? (? or * to list) Make spear trap where?
Press: ? - help, Dir - move target cursor The moth of wrath flies safely over a trap.
The grey draconian hits you from afar with a runed halberd!
* * * LOW HITPOINT WARNING * * *
You feel your power leaking away.
An arrow hits the death cob, but does no damage!
An arrow hits the hill giant!
You hear some strange, mumbled words.
The tentacled monstrosity barely misses you.
The tentacled monstrosity tentacle-slaps you but does no damage. x2
The tentacled monstrosity misses you.
The moth of wrath flies safely over a trap.
The golden dragon breathes fire at you. The bolt of fire hits your plant.
The bolt of fire hits you!
You die...

▓ ▓ ▓▓▓ ▓▓▓ ▓▓▓ ..▓▓ ▓▓.▓▓ ▓▓..
...▓▓ ▓▓...▓▓ ▓▓... ....▓▓▓
▓▓.....▓▓ ▓▓▓....
......▓▓▓▓▓▓▓PPPPPPP▓▓▓▓▓▓▓......
......▓.PPPPP(y%PPg^.PPP..▓......
.......^^^^^C()P@P.D^%^^^^.......
▓▓▓▓▓▓▓.PPPP)(dXPY.yPPPPP.▓▓▓▓▓▓▓
▓ ▓▓▓▓▓▓▓..P8P..▓▓▓▓▓▓▓ ▓


▓▓PPPPP▓▓ ▓▓Y..▓▓ ▓▓.▓▓ ▓▓▓▓▓ ▓▓▓▓▓▓▓▓▓▓▓▓▓▓▓ ▓▓▓▓▓ ....▓▓ ▓∆∆∆∆∆▓ ▓∆∆∆∆∆▓
▓▓.... .....▓ ▓∆▓∆▓∆▓▓▓∆▓∆▓∆▓ ▓..... You could see a tentacled monstrosity, a
golden dragon, a grey draconian (bleeding), a death cob, a hill giant, 2 moths
of wrath, a boggart, a friendly ice statue, 6 friendly oklob plants and 2
friendly ice beasts.

Vanquished Creatures
  2 spiny frogs (Zot)
  Grinder (Zot)
  A slime creature (Zot)
  A hell hound (Zot)
  A vampire mosquito (Zot)
  3 ogres (Zot)
  A dwarf (shapeshifter) (Zot)
  A giant frog (Zot)
  2 jellies (Zot)
  A hippogriff zombie (Zot)
  2 hounds (Zot)
  An orc priest (Zot)
  An orange rat (Zot)
  2 worker ants (Zot)
  A spectral orc (Zot)
  2 sheep (Zot)
  A hound zombie (Zot)
  A gnoll (Zot)
  A green rat (Zot)
  2 giant mites (Zot)
  An adder (Zot)
  3 worms (Zot)
  8 oozes (Zot)
  A gnoll skeleton (Zot)
  9 goblins (Zot)
  A hobgoblin (Zot)
  2 jackals (Zot)
  3 kobolds (Zot)
  15 bats (Zot)
  3 giant cockroaches (Zot)
  A giant newt (Zot)
  A quokka (Zot)
  6 rats (Zot)
82 creatures vanquished.

Vanquished Creatures (collateral kills)
  An ice dragon (Zot)
  A tengu warrior (Zot)
  Nergalle (Zot)
  2 yaktaurs (Zot)
  A spiny frog (Zot)
  A troll (Zot)
  Prince Ribbit (Zot)
  3 slime creatures (Zot)
  2 hungry ghosts (Zot)
  A vampire mosquito (Zot)
  A deep elf fighter (Zot)
  A boggart (Zot)
  2 big kobolds (Zot)
  An insubstantial wisp (Zot)
  A cyclops skeleton (Zot)
  6 giant frogs (Zot)
  A scorpion (Zot)
  2 jellies (Zot)
  A troll skeleton (Zot)
  A wight (Zot)
  A manticore simulacrum (Zot)
  A crimson imp (Zot)
  6 hounds (Zot)
  A kobold zombie (Zot)
  An orc priest (Zot)
  2 gnoll shamans (Zot)
  An orc wizard (Zot)
  3 worker ants (Zot)
  A hippogriff simulacrum (Zot)
  2 adders (Zot)
  A green rat (Zot)
  An orc zombie (Zot)
  A shadow imp (Zot)
  A giant mite (Zot)
  A bat (Zot)
  A goblin (Zot)
  3 hobgoblins (Zot)
  3 jackals (Zot)
  2 kobolds (Zot)
  20 plants (Zot)
84 creatures vanquished.

Vanquished Creatures (others)
  An oklob plant (Zot)
  6 ice beasts (Zot)
  2 boggarts (Zot)
  A wight (Zot)
  A hound (Zot)
  A giant frog skeleton (Zot)
  A sheep (Zot)
  An adder (Zot)
  A gnoll (Zot)
  3 green rats (Zot)
  2 giant mites (Zot)
  A giant gecko (Zot)
  An orc (Zot)
  4 giant cockroaches (Zot)
  10 hobgoblins (Zot)
  10 jackals (Zot)
  5 kobolds (Zot)
  3 ball pythons (Zot)
  2 giant newts (Zot)
  10 goblins (Zot)
  5 quokkas (Zot)
  8 rats (Zot)
  2 plants (Zot)
81 creatures vanquished.

Grand Total: 247 creatures vanquished

Notes
Turn   | Place    | Note
--------------------------------------------------------------
     0 | Zot      | Enroth, the Ogre Berserker, began the quest for the Orb.
     0 | Zot      | Reached XP level 1. HP: 24/24 MP: 1/1
   231 | Zot      | Reached XP level 2. HP: 32/32 MP: 2/2
   276 | Zot      | Reached XP level 3. HP: 4/39 MP: 3/3
   356 | Zot      | Acquired Trog's second power
   409 | Zot      | Reached XP level 4. HP: 18/49 MP: 4/4
   461 | Zot      | Noticed Qig Omu
   472 | Zot      | Killed Qig Omu the ogre
   472 | Zot      | Reached skill level 5 in Fighting
   472 | Zot      | Reached skill level 5 in Maces & Flails
   472 | Zot      | Reached skill level 5 in Dodging
   472 | Zot      | Reached XP level 5. HP: 55/57 MP: 5/5
   472 | Zot      | Reached XP level 6. HP: 64/66 MP: 6/6
   777 | Zot      | Reached skill level 6 in Fighting
   777 | Zot      | Reached XP level 7. HP: 75/75 MP: 7/7
  1077 | Zot      | Reached skill level 7 in Fighting
  1077 | Zot      | Reached XP level 8. HP: 40/87 MP: 8/8
  1143 | Zot      | HP: 6/130 [Pham the hell hound (1)]
  1145 | Zot      | Reached skill level 8 in Maces & Flails
  1283 | Zot      | Reached skill level 9 in Maces & Flails
  1283 | Zot      | Reached XP level 9. HP: 8/96 MP: 9/9
  1283 | Zot      | HP: 6/144 [giant mite (2)]
  1313 | Zot      | Noticed a spiny frog
  1314 | Zot      | Noticed a spiny frog
  1318 | Zot      | Killed a spiny frog
  1319 | Zot      | Killed a spiny frog
  1319 | Zot      | Reached skill level 10 in Maces & Flails
  1335 | Zot      | Noticed a spiny frog
  1338 | Zot      | Killed a spiny frog
  1338 | Zot      | Reached skill level 10 in Fighting
  1338 | Zot      | Reached XP level 10. HP: 23/109 MP: 10/10
  1346 | Zot      | Noticed Prince Ribbit
  1398 | Zot      | Killed Prince Ribbit
  1398 | Zot      | Reached skill level 11 in Maces & Flails
  1470 | Zot      | Noticed Grinder
  1479 | Zot      | Killed Grinder
  1563 | Zot      | Noticed Okledus
  1580 | Zot      | Killed Okledus the tengu warrior
  1580 | Zot      | Reached skill level 12 in Maces & Flails
  1617 | Zot      | Reached skill level 10 in Dodging
  1669 | Zot      | Reached XP level 11. HP: 46/122 MP: 11/11
  1769 | Zot      | Noticed Nergalle
  1776 | Zot      | Killed Nergalle
  1831 | Zot      | Noticed an ice dragon
  1831 | Zot      | Noticed a death cob
  1841 | Zot      | Killed an ice dragon
  1842 | Zot      | Noticed a tentacled monstrosity
  1843 | Zot      | Noticed an electric golem
  1856 | Zot      | Noticed a golden dragon
  1856 | Zot      | Noticed a purple draconian
  1856 | Zot      | Noticed a tentacled monstrosity
  1856 | Zot      | Reached skill level 13 in Maces & Flails
  1857 | Zot      | Noticed a shadow dragon
  1858 | Zot      | Noticed a storm dragon
  1858 | Zot      | Noticed a grey draconian
  1859 | Zot      | Noticed a hill giant
  1860 | Zot      | Noticed a death cob
  1861 | Zot      | Killed from afar by a golden dragon

Action                   |  1- 3 |  4- 6 |  7- 9 | 10-12 || total
-------------------------+-------+-------+-------+-------++-------
Melee: Mace              |    81 |    29 |       |       ||   110
       Giant spiked club |       |    33 |    71 |    32 ||   136
Throw: Throwing net      |       |       |       |     2 ||     2
Invok: Berserk           |       |     3 |     2 |     3 ||     8
       Trog's Hand       |       |       |       |     1 ||     1
 Abil: Make arrow trap   |     3 |     6 |     1 |       ||    10
       Make plant        |       |    20 |       |    32 ||    52
       Make oklob plant  |       |       |     2 |     5 ||     7
       Make net trap     |       |       |    10 |    15 ||    25
       Make spear trap   |       |       |       |     6 ||     6
       Make ice statue   |       |       |       |     1 ||     1
  Use: Potion            |     1 |     2 |     1 |       ||     4
 Stab: Held in net/web   |       |       |       |     1 ||     1
       Distracted        |       |       |       |     1 ||     1
